 Dungeon Crawl Stone Soup version 0.30-a0-739-gea05faddec (webtiles) character file.

Game seed: 18082559299886521922

352 holysushi the Spear-Bearer (level 6, 0/44 HPs)
             Began as a Merfolk Gladiator on Feb 4, 2023.
             Slain by a phantom (8 damage)
             ... on level 4 of the Dungeon.
             The game lasted 00:02:18 (2703 turns).

holysushi the Spear-Bearer (Merfolk Gladiator)      Turns: 2703, Time: 00:02:18

Health: 0/44       AC: -3    Str: 12 (15) XL:     6   Next: 61%
Magic:  6/6        EV: 14    Int:  6 (7)  God:
Gold:   198        SH:  0    Dex: 15 (17) Spells: 5/5 levels left

rFire   . . .      SeeInvis .    a - +0 trident (heavy)
rCold   . . .      Faith    .    (no shield)
rNeg    . . .      Spirit   .    b - +0 leather armour
rPois   .          Reflect  .    c - +1 helmet
rElec   .          Harm     .    (no cloak)
rCorr   .          Rampage  .    (no gloves)
Will    .....                    (no boots)
Stlth   +                        (no amulet)
HPRegen 0.27/turn                (no ring)
MPRegen 0.10/turn                (no ring)

@: mighty, corroded, flying
A: (nimble swimmer 2), mertail
a: no special abilities


You were on level 4 of the Dungeon.
You visited 1 branch of the dungeon, and saw 4 of its levels.

You collected 198 gold pieces.

Inventory:

Hand Weapons
 a - a +0 heavy trident (weapon)
Missiles
 d - 3 throwing nets (quivered)
 e - a javelin
Armour
 b - a +0 leather armour (worn)
 c - a +1 helmet (worn)
Jewellery
 o - a +6 ring of intelligence
 q - an amulet of guardian spirit
Wands
 u - a wand of paralysis (11)
Scrolls
 f - 3 scrolls of enchant armour
 g - a scroll of enchant weapon {unknown}
 j - a scroll of amnesia {unknown}
 k - a scroll of teleportation {unknown}
 m - a scroll of blinking {unknown}
 n - 4 scrolls of identify {unknown}
 v - a scroll of magic mapping {unknown}
Potions
 h - 2 potions of degeneration
 i - a potion of might
 p - a potion of curing
 r - a potion of invisibility {unknown}
 s - a potion of lignification {unknown}
 t - a potion of ambrosia {unknown}


   Skills:
 - Level 2.1 Fighting
 + Level 8.4 Polearms
 - Level 2.0 Throwing
 - Level 6.0 Dodging


You had 5 spell levels left.
You didn't know any spells.
Your spell library was empty.

Dungeon Overview and Level Annotations

Branches:
Dungeon (4/15) Zot: 21294
 Temple: D:4-7

Altars:
Sif Muna

Shops:
D:1 *


Innate Abilities, Weirdness & Mutations

((You are very nimble when in or above water. (Stealth+, EV+, Speed+++)))
Your lower body shifts to a powerful aquatic tail in water.


Message History

You puncture the giant cockroach!
You kill the giant cockroach!
You hit the jelly. The acid corrodes you!
Your hands burn!
The jelly is lightly wounded.
The jelly closely misses you.
You barely miss the jelly.
The jelly is lightly wounded.
The jelly hits you. The acid corrodes you!
You are splashed with acid.
The jelly hits you.
You are splashed with acid!
You puncture the jelly!
Your hands burn!
The jelly is severely wounded.
The jelly barely misses you.
You hit the jelly.
Your hands burn!
* * * LOW HITPOINT WARNING * * *
The jelly is almost dead.
The jelly barely misses you.
You hit the jelly.
You kill the jelly!
The phantom hits you.
* * * LOW HITPOINT WARNING * * *
The phantom blinks!
You blink.
You puncture the phantom!
The phantom is heavily damaged.
The phantom hits you!
* * * LOW HITPOINT WARNING * * *
The phantom blinks!
You blink.
It was a potion of degeneration.
There was something very wrong with that liquid.
You feel weakened.
You feel dopey.
You feel clumsy. The phantom closely misses you.
It was a potion of might.
You feel very mighty all of a sudden. The phantom closely misses you.
It was a potion of flight.
You feel very buoyant.
You fly up into the air.
The phantom hits you.
* * * LOW HITPOINT WARNING * * *
The phantom blinks!
You blink.
It was a potion of curing.
You feel better. The phantom hits you!
You die...

###..##....# ..## #.
.....#.....## #..####..
............# #.......#
............# #......##
#...........###.......#
#............#.........
##...............#
#.............W|#
##..............@##
#.†...............#
.............###..#
............## ##..#
#...........# ..#
........#...## #..#
........#....# ..#
.............# #..
.##.###.###..# .


You could see a phantom.

Vanquished Creatures
  An ogre (D:4)
  A jelly (D:4)
  A hound (D:4)
  2 orc priests (D:3)
  2 orc wizards (D:3)
  2 adders
  2 dart slugs
  11 orcs
  6 endoplasms
  3 giant cockroaches
  4 goblins
  6 hobgoblins
  6 quokkas
  6 ball pythons
  11 bats
  A frilled lizard (D:1)
  2 kobolds
  3 rats
70 creatures vanquished.

Notes
Turn   | Place    | Note
-------+----------+-------------------------------------------
     0 | D:1      | holysushi the Merfolk Gladiator began the quest for the
                  | Orb.
     0 | D:1      | Reached XP level 1. HP: 16/16 MP: 1/1
   123 | D:1      | Reached XP level 2. HP: 22/22 MP: 2/2
   149 | D:1      | Found Basivedy's General Store.
   238 | D:1      | Reached skill level 5 in Polearms
   570 | D:1      | Reached XP level 3. HP: 26/27 MP: 3/3
  1444 | D:3      | Reached skill level 6 in Polearms
  1444 | D:3      | Reached XP level 4. HP: 33/33 MP: 4/4
  1637 | D:3      | Reached skill level 5 in Dodging
  1946 | D:3      | Reached XP level 5. HP: 38/38 MP: 5/5
  1949 | D:3      | Found a shimmering blue altar of Sif Muna.
  2180 | D:3      | Reached skill level 7 in Polearms
  2277 | D:3      | Found a faded altar of an unknown god.
  2485 | D:3      | You fall into a shaft and drop 1 floor!
  2640 | D:4      | Reached XP level 6. HP: 44/44 MP: 6/6
  2689 | D:4      | Reached skill level 8 in Polearms
  2702 | D:4      | HP: 1/44 [phantom (3)]
  2703 | D:4      | Slain by a phantom

Illustrated notes

Levels and vault maps discovered:
D:1:      lemuel_arrival_lava_pool, layout_loops_ring, serial_shops, shop
D:2:      layout_basic, kennysheep_generic_room_13
D:3:      layout_basic, kennysheep_orc_sif_temple,
          shapermc_ecumenical_altar_hornbeckon, eino_curves_04
D:4:      layout_layer_cave, serial_shops, shop, minmay_misc_feat_roman,
          dk_noncrumbling_2

Skill      XL: |  1  2  3  4  5  6 |
---------------+-------------------+-----
Polearms       | 5 6 7 8 |  8.4
Dodging        | 5 6 |  6.0
Fighting       | |  2.1
Throwing       | |  2.0

Action                     |  1- 3 |  4- 6 || total
---------------------------+-------+-------++-------
  Melee: Trident           |   101 |   119 ||   220
         Punch             |       |     1 ||     1
    Use: Scroll            |       |     2 ||     2
         Potion            |       |     4 ||     4
   Stab: Sleeping          |     6 |     1 ||     7
 Armour: Leather armour    |    25 |    25 ||    50
  Dodge: Dodged            |    35 |    81 ||   116

Table legend: (Time is in decaauts)
 A = Elapsed time spent in this place.
 B = Non-inter-level travel time spent in this place.
 C = Inter-level travel time spent in this place.
 D = Time resting spent in this place.
 E = Time spent auto-exploring this place.
 F = Levels seen in this place.
 G = Mean time per level.
                   A        B        C        D        E       F      G
               +--------+--------+--------+--------+--------+-----+--------+
         Total |   2704 |   2677 |     27 |     25 |   2163 |   4 |  676.0 |
       Dungeon |   2704 |   2677 |     27 |     25 |   2163 |   4 |  676.0 |
               +--------+--------+--------+--------+--------+-----+--------+

Top non-repeatable levels by time:
     D:3: 1065 daAuts
     D:1: 729 daAuts
     D:2: 685 daAuts
     D:4: 225 daAuts
